AoeStats
← beneath mariana

Black Forest

507976183Analyzed
4v4 RM · 11d ago on Sep 20, 2026· 45m 38s· 8 players
Game mode
Random Map
Map size
Large (8 player)
Population
200
Speed
Normal
Resources
Standard
Victory
Conquest
Starting age
Dark Age
Ending age
Imperial Age
RankedLock teamsTeams togetherTeam positionsShared explorationLock speedFull tech treeHidden civsTurbo modeCheats
Victory
Defeat
🇭🇰 Magyars · Hong Kong SAR China
1564
+13
🇭🇰 Mongols · Hong Kong SAR China
1499
+16
🇨🇳 Turks · China
1489
+16
1427
+19
🇹🇷 Vietnamese · Türkiye
1510
-17
🇫🇷 Inca · France
1489
-16
🇨🇦 Mongols · Canada
1483
-16
🇹🇷 Khmer · Türkiye
1482
-15
Svodoo
0:46 Loom
12:54 Feudal Age
16:49 Castle Age
14:54 Double-Bit Axe
17:05 Fishing Lines
25:06 Imperial Age
22:27 Town Watch
25:15 Imperial Age
23:45 Horse Collar
24:20 Bow Saw
24:32 Fletching
25:09 Ballistics
25:27 Bodkin Arrow
25:32 Crossbowman
26:52 Bracer
28:59 Chemistry
28:49 Squires
30:43 Arbalester
32:10 Thumb Ring
33:23 Horse Collar
33:45 Padded Archer Armor
36:31 Fabric Shields
39:13 Scale Mail Armor
39:24 Forging
40:20 Chain Mail Armor
42:44 Plate Mail Armor
42:28 Caravan
45:46 Wheelbarrow
Yokolucu
12:32 Feudal Age
15:32 Castle Age
13:45 Double-Bit Axe
13:42 Horse Collar
16:53 Bow Saw
18:27 Wheelbarrow
18:06 Heavy Plow
21:37 Fishing Lines
30:58 Imperial Age
30:13 Ballistics
31:07 Gold Mining
31:09 Stone Mining
31:14 Loom
31:51 Heavy Scorpion
33:14 Siege Engineers
35:53 Chemistry
34:56 Double Crossbow
35:47 Conscription
36:32 Caravan
37:30 Gold Shaft Mining
37:16 Hand Cart
37:54 Pikeman
38:36 Scale Mail Armor
38:47 Forging
40:22 Coinage
39:42 Halberdier
40:38 Chain Mail Armor
41:26 Iron Casting
42:01 Bloodlines
41:13 Light Cavalry
41:59 Scale Barding Armor
GPA_PisagorAmca
1:07 Loom
12:31 Feudal Age
16:24 Castle Age
17:59 Double-Bit Axe
27:00 Wheelbarrow
28:18 Bow Saw
30:44 Gold Mining
34:21 Fortified Wall
bruce6633
9:42 Feudal Age
14:04 Castle Age
12:27 Double-Bit Axe
14:15 Fishing Lines
15:04 Bow Saw
18:44 Wheelbarrow
18:31 Gillnets
19:39 Horse Collar
20:37 Heavy Plow
21:22 Hand Cart
22:05 Gold Mining
22:02 Loom
24:13 Stone Mining
28:41 Imperial Age
27:13 Stone Shaft Mining
26:53 Fletching
27:04 Padded Archer Armor
27:26 Ballistics
27:39 Bodkin Arrow
28:31 Gold Shaft Mining
28:32 Leather Archer Armor
30:33 Chemistry
29:45 Bracer
31:06 Bloodlines
30:57 Husbandry
31:04 Thumb Ring
31:25 Parthian Tactics
32:02 Conscription
32:18 Elite Mangudai
40:16 Forging
40:12 Scale Barding Armor
40:14 Siege Engineers
40:19 Masonry
40:41 Light Cavalry
41:48 Caravan
41:21 Hussar
41:27 Hussar
43:03 Drill
我放了个屁她顺风追了
3:01 Loom
3:15 Double-Bit Axe
11:59 Feudal Age
14:21 Bow Saw
16:18 Castle Age
15:35 Fishing Lines
20:13 Horse Collar
22:32 Scale Barding Armor
23:51 Chain Barding Armor
28:21 Imperial Age
27:10 Wheelbarrow
27:03 Burgundian Vineyards
27:36 Husbandry
26:57 Cavalier
27:59 Forging
29:58 Conscription
30:00 Paladin
36:17 Plate Barding Armor
36:17 Iron Casting
36:48 Heavy Plow
37:06 Hand Cart
36:37 Town Watch
36:47 Gold Mining
36:48 Stone Mining
38:44 Crop Rotation
39:51 Chemistry
40:37 Capped Ram
42:53 Coinage
42:24 Caravan
43:54 Blast Furnace
42:45 Fletching
42:56 Padded Archer Armor
43:35 Hoardings
43:24 Ballistics
43:25 Bombard Tower
42:46 Treadmill Crane
白纸o
3:30 Loom
11:48 Feudal Age
12:19 Man-at-Arms
12:47 Double-Bit Axe
17:13 Horse Collar
23:49 Castle Age
22:42 Stone Mining
23:31 Gold Mining
25:06 Bow Saw
27:17 Bloodlines
28:00 Wheelbarrow
28:48 Heavy Plow
32:50 Imperial Age
33:04 Husbandry
34:19 Conscription
35:26 Hand Cart
35:34 Corvinian Army
35:48 Scale Barding Armor
36:45 Crop Rotation
37:02 Elite Magyar Huszar
37:28 Onager
38:56 Chain Barding Armor
41:51 Plate Barding Armor
beneath mariana
8:21 Loom
12:49 Feudal Age
16:22 Castle Age
15:18 Double-Bit Axe
18:19 Bow Saw
19:07 Horse Collar
21:20 Fishing Lines
22:00 Stone Mining
23:01 Gillnets
23:22 Town Watch
24:20 Wheelbarrow
24:42 Gold Mining
25:40 Hand Cart
26:02 Gold Shaft Mining
30:33 Imperial Age
28:35 Fortified Wall
28:37 Fletching
28:58 Padded Archer Armor
29:26 Scale Barding Armor
29:31 Forging
29:17 Bodkin Arrow
29:34 Masonry
30:39 Bloodlines
30:54 Ballistics
31:15 Husbandry
31:54 Chain Barding Armor
33:11 Plate Barding Armor
40:21 Two-Man Saw
大庆Song
0:40 Loom
11:21 Feudal Age
15:12 Castle Age
13:28 Double-Bit Axe
16:33 Bow Saw
16:24 Fishing Lines
23:49 Horse Collar
25:04 Wheelbarrow
25:47 Heavy Plow
26:25 Caravan
27:13 Gold Mining
27:31 Gillnets
32:05 Imperial Age
30:14 Wheelbarrow
31:03 Gold Shaft Mining
30:19 Stone Mining
30:20 Fletching
30:31 Padded Archer Armor
30:37 Scale Barding Armor
31:05 Bloodlines
30:55 Husbandry
31:06 Bodkin Arrow
31:34 Ballistics
31:39 Hand Cart
31:10 Town Watch
32:10 Leather Archer Armor
31:17 Light Cavalry
32:11 Elite Mangudai
32:59 Bracer
34:36 Chemistry
34:04 Parthian Tactics
34:22 Scale Barding Armor
35:25 Conscription
35:25 Chain Barding Armor
35:17 Forging
36:15 Hoardings
36:48 Thumb Ring
36:55 Hussar
42:09 Iron Casting
41:37 Nomads
42:12 Coinage
41:32 Capped Ram
42:58 Siege Ram
44:53 Drill
Connection lost

Rejoining the realm…

Still unreachable

The connection could not be restored.

Session expired

The server has moved on; the page needs a fresh start.